 Dungeon Crawl Stone Soup version 0.30-a0-219-gf2db51d15e (webtiles) character file.

Game seed: 4917252398711324390

160 MovingMist the Trooper (level 5, -4/33 HPs)
             Began as a Gargoyle Fighter on Oct 6, 2022.
             Slain by an ogre
             ... wielding a +0 giant spiked club
              (6 damage)
             ... on level 4 of the Dungeon.
             The game lasted 00:03:26 (2449 turns).

MovingMist the Trooper (Gargoyle Fighter)           Turns: 2449, Time: 00:03:27

Health: -4/33      AC: 22    Str: 19    XL:     5   Next: 41%
Magic:  5/5        EV:  7    Int:  9    God:
Gold:   240        SH:  4    Dex: 11    Spells: 4/4 levels left

rFire   x . .      SeeInvis .    r - +7 war axe of Plague {protect, +Blink rF- Will+}
rCold   . . .      Faith    .    c - +0 buckler
rNeg    + . .      Spirit   .    m - +0 chain mail
rPois   ∞          Reflect  .    (no helmet)
rElec   +          Harm     .    a - +0 cloak
rCorr   .          Rampage  .    i - +0 pair of gloves
Will    +....                    (no boots)
Stlth   ..........               (no amulet)
HPRegen 0.25/turn                (no ring)
MPRegen 0.09/turn                (no ring)

@: under a protective aura
A: sickness immunity, AC +4, negative energy resistance 1, electricity
resistance, torment resistance 1, petrification resistance
a: Evoke Blink


You were on level 4 of the Dungeon.
You visited 1 branch of the dungeon, and saw 4 of its levels.

You collected 240 gold pieces.

Inventory:

Hand Weapons
 r - the +7 war axe of Plague (weapon) {protect, +Blink rF- Will+}
   (You found it on level 3 of the Dungeon)

   It grants its wielder temporary protection when it strikes (+7 to AC).
   rF:        It makes you vulnerable to fire.
   +Blink:    It lets you blink.
   Will:      It increases your willpower.
Armour
 a - a +0 cloak (worn)
 c - a +0 buckler (worn)
 i - a +0 pair of gloves (worn)
 m - a +0 chain mail (worn)
Jewellery
 p - an amulet of guardian spirit
 q - a ring of fire
Scrolls
 b - a scroll of immolation {unknown}
 e - a scroll of brand weapon {unknown}
 f - a scroll of torment {unknown}
 g - 2 scrolls of poison {unknown}
 j - 2 scrolls of identify {unknown}
 l - 2 scrolls of teleportation {unknown}
 o - a scroll of blinking {unknown}
Potions
 d - a potion of might
 h - a potion of attraction {unknown}
 k - 4 potions of mutation {unknown}
 n - a potion of lignification {unknown}


   Skills:
 + Level 4.2 Fighting
 + Level 3.3 Maces & Flails
 + Level 4.0 Armour
 * Level 2.0 Dodging
 + Level 0.2 Stealth
 - Level 3.2 Shields


You had 4 spell levels left.
You didn't know any spells.
Your spell library contained the following spells:

 Spells                   Type           Power      Damage    Failure   Level
 Gell's Gravitas          Tloc           0%         N/A       100%        3
 Lesser Beckoning         Tloc           0%         N/A       100%        3
 Teleport Other           Tloc           0%         N/A       100%        3
 Dispel Undead            Necr           0%         3d6       100%        4
 Death Channel            Necr           0%         N/A       100%        6
 Cigotuvi's Dreadful Rot  Necr/Pois/Air  Unusable   N/A       N/A         2

Dungeon Overview and Level Annotations

Branches:
Dungeon (4/15)
 Temple: D:4-7

Altars:
Ru
Vehumet


Innate Abilities, Weirdness & Mutations

You are immune to sickness and miasma.
Your stone body is resilient. (AC +4)
You are immune to poison.
You resist negative energy. (rN+)
You are resistant to electric shocks. (rElec)
You are resistant to unholy torment.
You are immune to petrification.


Message History

The ball python grabs you. The ball python constricts you.
You slash the ball python!
Your weapon exudes an aura of protection.
You kill the ball python!
An adder comes into view.
You see here 11 gold pieces.
You now have 240 gold pieces (gained 11).
The adder barely misses you. The adder bites you but does no damage.
You hit the adder.
Your weapon exudes an aura of protection.
The adder is lightly wounded.
The adder bites you but does no damage. You block the adder's attack.
You hit the adder.
The adder is lightly wounded.
You block the adder's attack. The adder barely misses you.
You slash the adder!
You kill the adder!
You see here an adder corpse.
Found a stone staircase leading down.
Found a scroll labelled ROZUNIFURA.
Found 17 gold pieces.
Found 15 gold pieces.
l - 2 scrolls labelled ROZUNIFURA (gained 1)
An ogre comes into view. It is wielding a +0 giant spiked club.
The ogre shouts!
You hear the rusting of a very distant drain.
The ogre hits you with a +0 giant spiked club!!
Ouch! That really hurt!
You barely miss the ogre.
The ogre hits you with a +0 giant spiked club!
* * * LOW HITPOINT WARNING * * *
You barely miss the ogre. You block the ogre's attack.
You slash the ogre!
Your weapon exudes an aura of protection.
The ogre is heavily wounded.
The ogre closely misses you.
You slash the ogre!
The ogre is almost dead.
The ogre hits you with a +0 giant spiked club.
You die...

.......>..........
.#####..........$....#
#...............#
#...............#
#...............#
#...............#
#...............#
#...........O...#
#..........@....#
#...........$...#
#################


You could see an ogre.

Vanquished Creatures
  Jessica (D:2)
  An orc wizard (D:3)
  Terence (D:2)
  2 adders
  4 worms
  A dart slug (D:1)
  8 ball pythons
  5 endoplasms
  2 giant cockroaches
  5 goblins
  6 hobgoblins
  4 kobolds
  4 quokkas
  2 bats
  3 frilled lizards
  7 rats
56 creatures vanquished.

Notes
Turn   | Place    | Note
-------+----------+-------------------------------------------
     0 | D:1      | MovingMist the Gargoyle Fighter began the quest for the
                  | Orb.
     0 | D:1      | Reached XP level 1. HP: 14/14 MP: 1/1
   159 | D:1      | Reached XP level 2. HP: 19/19 MP: 2/2
   482 | D:1      | Reached XP level 3. HP: 15/24 MP: 3/3
   902 | D:2      | Found a radiant altar of Vehumet.
   957 | D:2      | Noticed Terence
   963 | D:2      | Killed Terence
   964 | D:2      | Reached skill level 1 in Dodging
   964 | D:2      | Reached XP level 4. HP: 27/29 MP: 4/4
  1138 | D:2      | Noticed Jessica
  1145 | D:2      | Killed Jessica
  1186 | D:2      | Found a faded altar of an unknown god.
  1772 | D:3      | Found a sacrificial altar of Ru.
  1781 | D:3      | Reached XP level 5. HP: 32/33 MP: 5/5
  2188 | D:3      | Identified the +7 war axe of Plague {protect, +Blink rF-
                  | Will+}
  2441 | D:4      | Noticed an ogre
  2446 | D:4      | HP: 1/33 [ogre/+0 giant spiked club (15)]
  2449 | D:4      | Slain by an ogre

Illustrated notes

Levels and vault maps discovered:
D:1:      dpeg_arrival_yet_another_circle, layout_basic, minmay_3d_cube
D:2:      layout_loops_ring, chequers_ecumenical_altar_twisty, basic_altar,
          uniq_terence, uniq_jessica
D:3:      layout_basic, nicolae_ru_great_annihilating_truth
D:4:      layout_basic, gup_sewer_entry_bowl,
          nicolae_concentric_dashed_squares_mild, minmay_misc_feat_rows

Skill      XL: |  1  2  3  4  5 |
---------------+----------------+-----
Fighting       | 4 |  4.2
Dodging        | 1 2 |  2.0
Maces & Flails | 3 |  3.3
Armour         | 4 |  4.0
Stealth        | |  0.2
Shields        | |  3.2

Action                   |  1- 3 |  4- 6 || total
-------------------------+-------+-------++-------
Melee: Flail             |   101 |    67 ||   168
       War axe           |       |     8 ||     8
Armor: Scale mail        |    64 |       ||    64
       Chain mail        |       |    35 ||    35
Dodge: Dodged            |    66 |    28 ||    94
Block: Buckler           |    15 |    18 ||    33

Table legend: (Time is in decaauts)
 A = Elapsed time spent in this place.
 B = Non-inter-level travel time spent in this place.
 C = Inter-level travel time spent in this place.
 D = Time resting spent in this place.
 E = Time spent auto-exploring this place.
 F = Levels seen in this place.
 G = Mean time per level.
                   A        B        C        D        E       F      G
               +--------+--------+--------+--------+--------+-----+--------+
         Total |   2503 |   2437 |     66 |      0 |   1919 |   4 |  625.8 |
       Dungeon |   2503 |   2437 |     66 |      0 |   1919 |   4 |  625.8 |
               +--------+--------+--------+--------+--------+-----+--------+

Top non-repeatable levels by time:
     D:2: 937 daAuts
     D:1: 762 daAuts
     D:3: 644 daAuts
     D:4: 158 daAuts
